 Dungeon Crawl Stone Soup version 0.26.1-2-gb8aa6d0cf2 (webtiles) character file.

Game seed: 10345614729210456499

186 Groucho the Covert (level 5, 0/24 HPs)
             Began as a Spriggan Enchanter on Feb 17, 2021.
             Slain by a phantom (8 damage)
             ... on level 4 of the Dungeon.
             The game lasted 00:10:30 (6481 turns).

Groucho the Covert (Spriggan Enchanter)             Turns: 6481, Time: 00:10:30

Health: 0/24       AC:  3    Str:  5    XL:     5   Next: 38%
Magic:  8/10       EV: 18    Int: 16    God:
Gold:   232        SH:  0    Dex: 17    Spells: 1/10 levels left

rFire    . . .     SeeInvis +   a - +2 dagger
rCold    . . .     Faith    .   (shield restricted)
rNeg     . . .     Spirit   .   b - +0 robe
rPois    .         Reflect  .   (helmet restricted)
rElec    .         Harm     .   k - +0 cloak
rCorr    .         Rampage  .   (gloves unavailable)
Will     .....                  (boots unavailable)
Stlth    ++++......             (no amulet)
HPRegen  0.08/turn              (no ring)
MPRegen  0.12/turn              (no ring)

@: very quick
A: very small, unfitting armour, see invisible, speed 3
a: no special abilities


You were on level 4 of the Dungeon.
You visited 1 branch of the dungeon, and saw 4 of its levels.

You collected 232 gold pieces.

Inventory:

Hand Weapons
 a - a +2 dagger (weapon)
Missiles
 l - 3 boomerangs of dispersal
 n - 14 poisoned darts (quivered)
 u - 5 boomerangs
Armour
 b - a +0 robe (worn)
 k - a +0 cloak (worn)
Jewellery
 w - a cursed ring of teleportation {unknown}
Wands
 s - a wand of flame (22)
Scrolls
 d - a scroll of random uselessness
 e - 4 scrolls of identify
 h - a scroll of remove curse
 j - a scroll of amnesia
 m - 3 scrolls of teleportation
 o - a scroll of fear {unknown}
 p - 2 scrolls of enchant weapon
Potions
 c - a potion of ambrosia
 f - a potion of attraction
 g - a potion of flight {unknown}
 i - a potion of mutation {unknown}
 q - a potion of degeneration {unknown}
 r - 2 potions of curing
 t - a potion of heal wounds {unknown}
 v - a potion of brilliance


   Skills:
 - Level 1.1 Short Blades
 - Level 3.0 Dodging
 * Level 9.2 Stealth
 + Level 3.0 Spellcasting
 + Level 3.8 Hexes


You had one spell level left.
You knew the following spells:

 Your Spells              Type           Power        Failure   Level
a - Corona                Hex            15%          3%          1
b - Ensorcelled Hibernat  Hex/Ice        16%          13%         2
c - Confusing Touch       Hex            14%          12%         3
d - Tukima's Dance        Hex            14%          12%         3

Your spell library contained the following spells:

 Spells                   Type           Power        Failure   Level
 Animate Skeleton         Necr           4%           19%         1
 Apportation              Tloc           4%           19%         1
 Summon Small Mammal      Summ           8%           19%         1
 Dazzling Flash           Conj/Hex       16%          26%         3


Dungeon Overview and Level Annotations

Branches:
Dungeon (4/15)
 Temple: D:4-7

Altars:


Innate Abilities, Weirdness & Mutations

You are very small and have problems with some larger weapons.
You are too small for most types of armour.
You have supernaturally acute eyesight. (SInv)
You cover ground extremely quickly.


Message History

The phantom is heavily damaged.
The phantom hits you!
The phantom blinks!
You are too injured to fight recklessly!
You are too injured to fight recklessly!
You are too injured to fight recklessly!
Unknown command.
You hit the phantom but do no damage.
The phantom is heavily damaged.
You hit the phantom.
The phantom is heavily damaged.
You hit the phantom but do no damage.
The phantom is heavily damaged.
The phantom closely misses you.
You hit the phantom but do no damage.
The phantom is heavily damaged.
The phantom seems less confused.
The phantom barely misses you.
You hit the phantom.
The phantom is severely damaged.
The phantom hits you!
You die...

######## ######## #.....hS ##
#..W@..## #.######
.#####.######...######.######
..........................<##
.########8..8##.##########.##
#.....#### #.## ###..## #.##
...... #.#. ###..### #...
.... #...


You could see a phantom.

Vanquished Creatures
  A howler monkey (D:3)
  An orc wizard (D:3)
  4 adders
  4 worms
  3 dart slugs (D:1)
  A leopard gecko (D:3)
  5 orcs (D:3)
  5 giant cockroaches
  5 hobgoblins
  6 jackals
  6 kobolds
  2 quokkas
  6 bats
  2 frilled lizards
  5 goblins
  5 rats
61 creatures vanquished.

Vanquished Creatures (others)
  10 plants (D:3)
10 creatures vanquished.

Grand Total: 71 creatures vanquished

Notes
Turn   | Place    | Note
-------+----------+-------------------------------------------
     0 | D:1      | Groucho the Spriggan Enchanter began the quest for the Orb.
     0 | D:1      | Reached XP level 1. HP: 9/9 MP: 5/5
   235 | D:1      | Reached skill level 5 in Stealth
   255 | D:1      | Reached XP level 2. HP: 6/13 MP: 6/6
   258 | D:1      | Learned a level 2 spell: Ensorcelled Hibernation
  1770 | D:1      | Reached skill level 6 in Stealth
  1779 | D:1      | Reached XP level 3. HP: 5/16 MP: 1/8
  2509 | D:2      | Reached skill level 7 in Stealth
  3710 | D:3      | Reached XP level 4. HP: 21/21 MP: 4/9
  4174 | D:3      | Learned a level 3 spell: Confusing Touch
  4190 | D:3      | Reached skill level 8 in Stealth
  5497 | D:3      | Reached XP level 5. HP: 21/24 MP: 7/10
  5910 | D:4      | Learned a level 3 spell: Tukima's Dance
  5980 | D:3      | Reached skill level 9 in Stealth
  6174 | D:4      | Noticed a phantom
  6481 | D:4      | Slain by a phantom

Illustrated notes

Levels and vault maps discovered:
D:1:      nicolae_arrival_memento_mori, layout_basic, minmay_misc_feat_rows
D:2:      layout_rooms
D:3:      layout_basic, chequers_big_river, grunt_decor_clamped
D:4:      layout_loops_ring, vehumet_statue, minitemple,
          lemuel_temple_firewalk_a

Skill      XL: |  1  2  3  4  5 |
---------------+----------------+-----
Stealth        | 5 6 7 8 9 |  9.2
Spellcasting   | 3 |  3.0
Short Blades   | |  1.1
Dodging        | |  3.0
Hexes          | |  3.8

Action                   |  1- 3 |  4- 6 || total
-------------------------+-------+-------++-------
Melee: Dagger            |   129 |    71 ||   200
Throw: Dart              |    41 |    25 ||    66
 Cast: Ensorcelled Hiber |    13 |    21 ||    34
       Confusing Touch   |       |     3 ||     3
  Use: Scroll            |     2 |     4 ||     6
       Potion            |     4 |       ||     4
 Stab: Sleeping          |    19 |    14 ||    33
       Confused          |       |     1 ||     1
Armor: Robe              |    12 |     8 ||    20
Dodge: Dodged            |   103 |    76 ||   179
